 Dungeon Crawl Stone Soup version 0.31-a0-455-g1a7b003ef0 (webtiles) character file.

Game seed: 526372315892047665

2 floatRand the Ruffian (level 1, 0/16 HPs)
             Began as a Meteoran Shapeshifter on Aug 3, 2023.
             Frozen to death by an endoplasm (1 damage)
             ... on level 1 of the Dungeon.
             The game lasted 00:00:21 (90 turns).

floatRand the Ruffian (Meteoran Shapeshifter)         Turns: 90, Time: 00:00:21

Health: 0/16       AC:  2    Str: 16    XL:     1   Next: 57%
Magic:  2/2        EV: 12    Int:  9    God:
Gold:   12         SH:  0    Dex: 14    Spells: 0/0 levels left

rFire   . .          .
                       - Unarmed
rCold   . . .        (no shield)
rNeg    . . .        a - +0 animal skin
rPois   .            (helmet currently unavailable)
rElec   .            (cloak currently unavailable)
rCorr   .            (gloves currently unavailable)
SInv    .            (boots currently unavailable)
Will    .....        (no amulet) Stlth
                     (no ring)
HPRegen 0.22/turn    (no ring)
MPRegen 0.08/turn

%: no passive effects
@: beast-form, silenced, glowing
A: beast (slay +2), sense surroundings 1, otherworldly, glowing, explore regen
a: Begin Untransformation


You were on level 1 of the Dungeon.
You were a hulking beast.
You visited 1 branch of the dungeon, and saw 1 of its levels.

You collected 12 gold pieces.

Inventory:

Armour
 a - a +0 animal skin (worn)
Talismans
 c - a beast talisman (active)
Potions
 b - a potion of lignification


   Skills:
 - Level 1.1 Fighting
 - Level 2.4 Dodging
 * Level 3.8 Unarmed Combat
 + Level 3.6 Shapeshifting


You couldn't memorise any spells.
You didn't know any spells.
Your spell library was empty.

Dungeon Overview and Level Annotations

Branches:
Dungeon (1/15) Zot: 509

Altars:


Innate Abilities, Weirdness & Mutations

You are a hulking beast.
Your limbs bulge with bestial killing power. (Slay +2)
You passively map a small area around you.
You are easily found by Zot.
You glow in the dark.
You regain HP and MP as you explore.


Message History

There is an escape hatch in the floor here.
An endoplasm comes into view.
A goblin comes into view. It is wielding a +0 club.
Found 5 gold pieces.
The goblin hits you with a +0 club.
You hit the goblin.
You kill the goblin!
No target in view!
A kobold comes into view. It is wielding a +2 vampiric dagger.
You see here a +0 club.
Unknown command.
A giant cockroach comes into view.
The kobold barely misses you.
You closely miss the kobold. The kobold hits you but does no damage.
Unknown command.
You barely miss the kobold.
The kobold hits you with a +2 vampiric dagger.
Unknown command.
You hit the kobold but do no damage.
The kobold hits you with a +2 vampiric dagger.
You closely miss the kobold. The giant cockroach barely misses you.
The kobold hits you with a +2 vampiric dagger.
You hit the endoplasm.
The endoplasm is moderately wounded.
The giant cockroach bites you. The kobold misses you. The endoplasm hits you.
The giant cockroach barely misses you.
You are too injured to fight recklessly!
Unknown command.
You are too injured to fight recklessly!
You hit the giant cockroach. Your punch misses the giant cockroach.
The giant cockroach is severely wounded.
The endoplasm freezes you.
You are frozen.
* * * LOW HITPOINT WARNING * * *
The kobold hits you with a +2 vampiric dagger.
* * * LOW HITPOINT WARNING * * *
The giant cockroach misses you.
You barely miss the kobold. The endoplasm freezes you.
You are frozen.
You die...

#.# , #>#
*#####
####.##...... *
#.......#*.##
#.##.##.#...#
#.#.#..)#......
,
#.............#
*
##$.#..J#..#.##
,
#..##.h.......
#.....KB.....#*
#...##.#..#...*
#... .........
##. .....#...
##,#...#.##.# ,
##.##.. .. ...
,.. * *


You could see an endoplasm (unsilenced), a giant cockroach and a kobold.

Vanquished Creatures
  2 goblins (D:1)
2 creatures vanquished.

Notes
Turn   | Place    | Note
-------+----------+-------------------------------------------
     0 | D:1      | floatRand the Meteoran Shapeshifter began the quest for the
                  | Orb.
     0 | D:1      | Reached XP level 1. HP: 16/16 MP: 2/2
    90 | D:1      | Frozen to death by an endoplasm

Illustrated notes

Levels and vault maps discovered:
D:1:      dpeg_arrival_concentric_ovals, layout_basic,
          hangedman_decor_clover_reticule, minmay_heptomino_w4

Action                     || total
---------------------------++-------
  Melee: Unarmed           ||    10
    Use: Scroll            ||     2
 Armour: Animal skin       ||     1
  Dodge: Dodged            ||     6

Table legend: (Time is in decaauts)
 A = Elapsed time spent in this place.
 B = Non-inter-level travel time spent in this place.
 C = Inter-level travel time spent in this place.
 D = Time resting spent in this place.
 E = Time spent auto-exploring this place.
 F = Levels seen in this place.
 G = Mean time per level.
                   A        B        C        D        E       F      G
               +--------+--------+--------+--------+--------+-----+--------+
         Total |     89 |     89 |      0 |      0 |      0 |   1 |   89.0 |
       Dungeon |     89 |     89 |      0 |      0 |      0 |   1 |   89.0 |
               +--------+--------+--------+--------+--------+-----+--------+

Top non-repeatable levels by time:
     D:1: 89 daAuts
